 Dungeon Crawl Stone Soup version 0.31-a0-152-g6aa68a64a1 (webtiles) character file.

Game seed: 14487134114907759669

47010 qw the Marksminotaur (level 14, -4/132 HPs)
             Began as a Minotaur Hunter on June 9, 2023.
             Was a Priest of Okawaru.
             Slain by a molten gargoyle
             ... wielding a +0 mace
              (6 damage)
             ... while petrified by a basilisk
             ... on level 5 of the Lair of Beasts.
             The game lasted 00:06:38 (15205 turns).

qw the Marksminotaur (Minotaur Hunter)             Turns: 15205, Time: 00:06:39

Health: -4/132     AC: 18    Str: 20    XL:     14   Next: 7%
Magic:  20/20      EV:  2    Int:  6    God:    Okawaru [***...]
Gold:   1008       SH:  0    Dex: 18    Spells: 13/13 levels left

rFire   . . .        Y - +2 arbalest (drain)
rCold   . . .        (shield currently unavailable)
rNeg    + + +        g - +2 swamp dragon scales
rPois   inf          (helmet restricted)
rElec   .            l - +0 cloak {rCorr}
rCorr   +            e - +0 pair of gloves {Str+3}
SInv    +            i - +0 pair of boots
Will    +....        h - amulet of reflection
Stlth   +++          p - ring of see invisible
HPRegen 0.42/turn    c - +5 ring of evasion
MPRegen 0.17/turn

%: reflection
@: petrified, heroic
A: horns 2, retaliatory headbutt
a: Renounce Religion, Heroism


You were on level 5 of the Lair of Beasts.
You worshipped Okawaru.
Okawaru was most pleased with you.
You visited 2 branches of the dungeon, and saw 16 of its levels.
You also visited: Ossuary.

You collected 1468 gold pieces.
You spent 460 gold pieces at shops.


Innate Abilities, Weirdness & Mutations

You have a pair of horns on your head.
You reflexively headbutt those who attack you in melee.


   Skills:
 - Level 14.0(19.0) Fighting
 - Level 18.0(23.0) Ranged Weapons
 + Level 9.4(14.4) Armour
 - Level 9.0(14.0) Dodging
 - Level 0.7(5.7) Stealth
 - Level 10.0 Invocations


You had 13 spell levels left.
You didn't know any spells.
Your spell library was empty.

Inventory:

Hand Weapons
 m - the +9 longbow "Necusuxi" {antimagic, rN++ Str+2}
   (You acquired it on level 9 of the Dungeon)

   Str:       It affects your strength (+2).
   rN:        It greatly protects you from negative energy.
 Y - a +2 arbalest of draining (weapon)
Armour
 d - the +4 robe of Augmentation {Str+4 Int+4 Dex+4}
   (You found it on level 2 of the Dungeon)

   Str:       It affects your strength (+4).
   Int:       It affects your intelligence (+4).
   Dex:       It affects your dexterity (+4).
 e - a +0 pair of gloves of strength (worn)
 g - +2 swamp dragon scales (worn)
 i - a +0 pair of boots (worn)
 l - a +0 cloak of preservation (worn)
Jewellery
 c - a +5 ring of evasion (right hand)
 h - an amulet of reflection (around neck)
 n - a ring of protection from fire
 p - a ring of see invisible (left hand)
 q - a ring of protection from fire
Wands
 t - a wand of digging (1)
Scrolls
 b - 4 scrolls of identify
 f - 3 scrolls of teleportation
Potions
 a - 2 potions of heal wounds
 j - 4 potions of mutation
 k - 2 potions of magic
 o - a potion of haste
 r - 3 potions of curing
 s - a potion of resistance

Dungeon Overview and Level Annotations

Branches:
Dungeon (11/15)            Temple (0/1) D:6            Lair (5/5) D:11
 Shoals (0/4) Lair:3        Snake (0/4) Lair:2        Slime (0/5) Lair:4
    Orc (0/2) D:9         Ossuary (visited)

Altars:
Cheibriados
Dithmenos
Elyvilon
Fedhas
Gozag
Kikubaaqudgha
Nemelex Xobeh
Okawaru
Qazlal
Ru
Trog
Uskayaw
Xom
Yredelemnul
Zin
The Shining One
Jiyva

Shops:
D:3 (   D:6 =   D:7 =

Portals:
Trove: D:11 (give 16 potions of curing)

Annotations:
D:8 3 runed translucent doors, qw's ghost, novice GrFi


Message History

You shoot a bolt. The bolt hits the basilisk!!
You kill the basilisk!
Okawaru accepts your kill. The basilisk barely misses you.
The basilisk misses you.
You shoot a bolt. The bolt hits the basilisk.
You drain the basilisk.
The basilisk is severely wounded.
The molten gargoyle blasts magma at you!
The bolt of magma misses you. The basilisk bites you!
You shoot a bolt. The bolt misses the basilisk.
The molten gargoyle completely misses you.
The basilisk gazes at you.
You are slowing down.
You shoot a bolt. The bolt hits the basilisk!!
You kill the basilisk!
Okawaru accepts your kill.
The molten gargoyle blasts magma at you!
The bolt of magma hits you!
Your limbs are stiffening.
You shoot a bolt. The bolt hits the molten gargoyle!
The molten gargoyle is moderately damaged.
The molten gargoyle hits you with a +0 mace!
You are engulfed in flames!
The molten gargoyle blasts magma at you!
The bolt of magma hits you!
You have turned to stone.
The molten gargoyle blasts magma at you!
The bolt of magma hits you!
The molten gargoyle hits you with a +0 mace.
You are engulfed in flames!
The molten gargoyle hits you but does no damage.
The molten gargoyle blasts magma at you!
The bolt of magma hits you!! The molten gargoyle barely misses you.
The molten gargoyle blasts magma at you!
The bolt of magma hits you!!
The molten gargoyle hits you but does no damage.
The molten gargoyle hits you with a +0 mace!
You are engulfed in flames!
The molten gargoyle hits you but does no damage.
The molten gargoyle hits you with a +0 mace!
You are engulfed in flames!
You die...

##..P..## ..#8 #....####
.... ##....#... ..%..
##......... ...#
#.......... ...#
#.....#.... #.~ ###
###..#...%P
#.9##8##########...#
###9@#..8#8# ##..P
~~~¤~~~......## #....
~~~¤~~¤#¤.....#### #....
#####~¤~¤........####...
##~~¤#........%#....
#~~~¤##......%.#...
.#~~........####%#.#
..#~#.......## ###...
..#¤#......## #....#


You could see 2 molten gargoyles.

Vanquished Creatures
  4 hydras
  2 boulder beetles
  3 two-headed ogres (D:9)
  A skyshark (Lair:4)
  Amaemon (D:9)
  Lodul (D:11)
  An oklob plant (D:7)
  A manticore (D:11)
  Maurice (D:11)
  6 black mambas
  A cyclops (D:11)
  A gargoyle (D:11)
  8 cane toads
  An orange demon (D:9)
  A molten gargoyle (Lair:5)
  A torpor snail (Lair:4)
  Psyche (D:8)
  4 rime drakes
  Maggie (D:9)
  13 komodo dragons
  3 trolls
  4 polar bears
  Prince Ribbit (D:8)
  4 hornets
  6 dream sheep (Lair:3)
  15 blink frogs
  3 slime creatures (Lair:4)
  78 yaks
  A wraith (D:9)
  Grum (D:8)
  4 wyverns
  5 basilisks
  2 steam dragons
  Edmund (D:5)
  4 nagas (Lair:2)
  3 acid dragons
  17 water moccasins
  2 hell hounds (Lair:5)
  A swamp drake (D:9)
  3 orc warriors
  2 sky beasts
  A black bear (D:6)
  3 ice beasts
  11 ogres
  2 wolves (D:8)
  A phantom (D:6)
  4 centaurs
  2 kobold brigands
  An elf zombie (Ossuary)
  13 bullfrogs
  3 scorpions
  9 wights (D:7)
  8 killer bees
  A howler monkey (D:9)
  5 hounds
  A lava snake (Lair:5)
  A jelly (Lair:4)
  7 orc priests
  2 gnoll boudas
  2 human zombies (Ossuary)
  A sleepcap (D:5)
  2 iguanas (D:5)
  5 orc wizards
  7 hell rats (Lair:3)
  3 hound zombies (Ossuary)
  3 mummies (Ossuary)
  8 gnolls
  13 adders
  15 white imps
  An ufetubus (D:7)
  5 adder zombies (Ossuary)
  2 dart slugs
  33 orcs
  11 endoplasms
  4 giant cockroaches
  2 gnoll zombies (Ossuary)
  6 goblins
  5 hobgoblins
  2 jackals (D:4)
  4 quokkas
  3 ball pythons
  9 bats
  2 frilled lizards
  6 goblin zombies (Ossuary)
  5 hobgoblin zombies (Ossuary)
  4 jackal zombies (Ossuary)
  19 kobolds
  3 kobold zombies (Ossuary)
  An orc zombie (Ossuary)
  4 rats
  A rat zombie (Ossuary)
479 creatures vanquished.

Vanquished Creatures (others)
  An orc wizard (D:10)
1 creature vanquished.

Grand Total: 480 creatures vanquished

Notes
Turn   | Place    | Note
-------+----------+-------------------------------------------
     0 | D:1      | qw the Minotaur Hunter began the quest for the Orb.
     0 | D:1      | Reached XP level 1. HP: 18/18 MP: 0/0
     0 | D:1      | 0 ||| qw: Version: 0.2-a-122-gbc61b45
     0 | D:1      | 0 ||| qw: Game counter: 3257
     0 | D:1      | 0 ||| qw: Always use a shield: true
     0 | D:1      | 0 ||| qw: God list: Okawaru
     0 | D:1      | 0 ||| qw: Allow faded altars: false
     0 | D:1      | 0 ||| qw: Do Orc after D:15 true
     0 | D:1      | 0 ||| qw: Do second Lair branch before Depths: true
     0 | D:1      | 0 ||| qw: Lair rune preference: random
     0 | D:1      | 0 ||| qw: Plans: Normal
     0 | D:1      | 0 ||| PLANNING D:1-11
   161 | D:1      | 161 ||| FLEEEEING.
   162 | D:1      | 162 ||| FLEEEEING.
   192 | D:1      | Reached XP level 2. HP: 18/25 MP: 1/1
   317 | D:1      | Reached skill level 5 in Ranged Weapons
   705 | D:1      | Reached skill level 3 in Fighting
   731 | D:1      | Found a faded altar of an unknown god.
  1034 | D:1      | 1034 ||| UPGRADING to +0 pair of gloves of strength.
  1039 | D:1      | 1039 ||| READING scroll labelled ZIGHIUPHYETO.
  1043 | D:1      | 1043 ||| READING scroll labelled VUL JOGINATO.
  1144 | D:1      | 1144 ||| READING scroll labelled UKUGUV UPAARPH.
  1145 | D:1      | 1145 ||| DRINKING 2 amethyst potions.
  1146 | D:1      | 1146 ||| DRINKING 2 brown potions.
  1147 | D:1      | 1147 ||| DROPPING scroll of butterflies.
  1148 | D:1      | 1148 ||| DROPPING potion of brilliance.
  1174 | D:2      | Reached XP level 3. HP: 31/31 MP: 2/2
  1283 | D:2      | HP: 6/31 [poisoned by an adder]
  1284 | D:2      | 1284 ||| DRINKING potion of heal wounds.
  1331 | D:2      | Found the +4 robe of Augmentation {Str+4 Int+4 Dex+4}
  1479 | D:2      | Found a bloodstained altar of Trog.
  1487 | D:2      | Identified the +4 dagger "Reysad" {vamp, rPois rCorr Int+4
                  | Dex-4}
  1871 | D:2      | 1871 ||| UPGRADING to +4 robe of Augmentation {Str+4 Int+4
                  | Dex+4}.
  1881 | D:2      | 1881 ||| DROPPING +0 leather armour.
  1882 | D:2      | 1882 ||| UPGRADING to +0 pair of boots.
  1887 | D:2      | 1887 ||| UPGRADING to ring of protection from fire.
  1888 | D:2      | 1888 ||| READING scroll labelled EJEACY SUYRUOL.
  1889 | D:2      | 1889 ||| READING scroll labelled ZAAKLYOTHRE.
  1890 | D:2      | 1890 ||| READING scroll labelled UQUAQE DUMYR.
  1891 | D:2      | 1891 ||| READING scroll labelled JOMAKLUDOPH.
  1892 | D:2      | 1892 ||| READING 4 scrolls of identify.
  1892 | D:2      | 1892 ||| IDENTIFYING sedimented green potion
  1893 | D:2      | 1893 ||| READING 3 scrolls of identify.
  1893 | D:2      | 1893 ||| IDENTIFYING viscous golden potion
  1894 | D:2      | 1894 ||| READING 2 scrolls of identify.
  1894 | D:2      | 1894 ||| IDENTIFYING fizzy orange potion
  1895 | D:2      | 1895 ||| DROPPING potion of berserk rage.
  1897 | D:2      | 1897 ||| Stepping ~*~*~tactically~*~*~ (cloud).
  1901 | D:2      | HP: 7/31 [poisoned by you (poison gas)]
  1906 | D:2      | HP: 3/31 [poisoned by you (poison gas)]
  2055 | D:3      | Reached XP level 4. HP: 38/38 MP: 3/3
  2070 | D:3      | Found an iron altar of Okawaru.
  2071 | D:3      | 2071 ||| PLANNING OKAWARU WORSHIP
  2071 | D:3      | Found a sacrificial altar of Ru.
  2140 | D:3      | Found Rotwegg's Antique Weapon Shop.
  2146 | D:3      | 2146 ||| BUYING arbalest (130 gold).
  2146 | D:3      | Bought an arbalest for 130 gold pieces
  2146 | D:3      | 2146 ||| SWAPPING to +0 arbalest.
  2147 | D:3      | 2147 ||| DROPPING +1 shortbow of freezing.
  2180 | D:3      | Reached skill level 6 in Ranged Weapons
  2202 | D:3      | Found a sparkling altar of Nemelex Xobeh.
  2203 | D:3      | 2203 ||| READING scroll labelled QAKENL SESE UPEH.
  2239 | D:3      | Became a worshipper of Warmaster Okawaru
  2239 | D:3      | 2239 ||| PLANNING D:1-11
  2247 | D:3      | 2247 ||| READING scroll of brand weapon.
  2247 | D:3      | 2247 ||| BRANDING +0 arbalest.
  2862 | D:4      | 2862 ||| PLANNING OSSUARY
  2908 | D:4      | Reached XP level 5. HP: 46/46 MP: 4/4
  2915 | D:4      | 2915 ||| FLEEEEING.
  2916 | D:4      | 2916 ||| FLEEEEING.
  2917 | D:4      | 2917 ||| FLEEEEING.
  2918 | D:4      | 2918 ||| FLEEEEING.
  2919 | D:4      | 2919 ||| FLEEEEING.
  2920 | D:4      | 2920 ||| FLEEEEING.
  2921 | D:4      | 2921 ||| FLEEEEING.
  2922 | D:4      | 2922 ||| FLEEEEING.
  2923 | D:4      | 2923 ||| FLEEEEING.
  2924 | D:4      | 2924 ||| FLEEEEING.
  2925 | D:4      | 2925 ||| FLEEEEING.
  2926 | D:4      | 2926 ||| FLEEEEING.
  2927 | D:4      | 2927 ||| FLEEEEING.
  2928 | D:4      | 2928 ||| STAIRDANCE
  2955 | D:3      | 2955 ||| READING scroll labelled DAISIUFIMM.
  3008 | D:4      | Reached skill level 3 in Dodging
  3057 | D:4      | Found a sand-covered staircase.
  3065 | Ossuary  | Entered an ossuary
  3096 | Ossuary  | Reached XP level 6. HP: 45/52 MP: 5/5
  3096 | Ossuary  | 3096 ||| FLEEEEING.
  3169 | Ossuary  | Reached * piety under Okawaru
  3170 | Ossuary  | Reached skill level 7 in Ranged Weapons
  3216 | Ossuary  | Reached skill level 1 in Invocations
  3352 | Ossuary  | 3352 ||| INVOKING Heroism.
  3412 | Ossuary  | 3412 ||| READING scroll of brand weapon.
  3412 | Ossuary  | 3412 ||| BRANDING +0 arbalest of freezing.
  3420 | Ossuary  | 3420 ||| READING scroll labelled XARINKUTHALA.
  3421 | Ossuary  | 3421 ||| READING scroll labelled WICESO BUIHUM.
  3422 | Ossuary  | 3422 ||| DRINKING 2 clear potions.
  3453 | Ossuary  | 3453 ||| READING 3 scrolls of identify.
  3453 | Ossuary  | 3453 ||| IDENTIFYING bubbling puce potion
  3454 | Ossuary  | 3454 ||| READING 2 scrolls of identify.
  3454 | Ossuary  | 3454 ||| IDENTIFYING grey potion
  3455 | Ossuary  | 3455 ||| DROPPING potion of degeneration.
  3456 | Ossuary  | 3456 ||| DROPPING potion of invisibility.
  3457 | Ossuary  | 3457 ||| DROPPING potion of lignification.
  3462 | D:4      | 3462 ||| PLANNING D:1-11
  3559 | D:4      | 3559 ||| INVOKING Heroism.
  3560 | D:4      | 3560 ||| Stepping ~*~*~tactically~*~*~ (outnumbered).
  3571 | D:4      | Reached XP level 7. HP: 59/59 MP: 5/7
  3773 | D:5      | Entered Level 5 of the Dungeon
  3842 | D:5      | Reached skill level 8 in Ranged Weapons
  3945 | D:5      | Reached skill level 3 in Invocations
  4083 | D:5      | Noticed Edmund
  4085 | D:5      | 4085 ||| INVOKING Heroism.
  4092 | D:5      | Killed Edmund
  4282 | D:5      | 4282 ||| INVOKING Heroism.
  4300 | D:5      | 4300 ||| FLEEEEING.
  4317 | D:5      | Reached XP level 8. HP: 55/68 MP: 10/10
  4366 | D:5      | Found an opulent altar of Gozag.
  4648 | D:5      | 4648 ||| READING 3 scrolls of identify.
  4648 | D:5      | 4648 ||| IDENTIFYING red potion
  4649 | D:5      | 4649 ||| READING 2 scrolls of identify.
  4649 | D:5      | 4649 ||| IDENTIFYING yellow potion
  4650 | D:5      | 4650 ||| DROPPING potion of enlightenment.
  4651 | D:5      | 4651 ||| DROPPING potion of ambrosia.
  4817 | D:6      | 4817 ||| FLEEEEING.
  4818 | D:6      | 4818 ||| FLEEEEING.
  4819 | D:6      | 4819 ||| FLEEEEING.
  4900 | D:6      | Found a shimmering altar of Xom.
  4977 | D:6      | Found a staircase to the Ecumenical Temple.
  4996 | D:6      | Found Odiciz's Jewellery Shop.
  5078 | D:6      | 5078 ||| INVOKING Heroism.
  5082 | D:6      | Reached skill level 9 in Ranged Weapons
  5202 | D:6      | 5202 ||| INVOKING Heroism.
  5205 | D:6      | Reached skill level 6 in Fighting
  5258 | D:6      | Found a shadowy altar of Dithmenos.
  5483 | D:6      | 5483 ||| READING 2 scrolls of identify.
  5483 | D:6      | 5483 ||| IDENTIFYING glowing amethyst potion
  5545 | D:7      | Reached ** piety under Okawaru
  5546 | D:7      | Reached skill level 10 in Ranged Weapons
  5770 | D:7      | 5770 ||| UPGRADING to +5 ring of evasion.
  5777 | D:7      | Reached XP level 9. HP: 78/78 MP: 11/11
  5795 | D:6      | 5795 ||| SHOPLISTING +4 ring of protection (396 gold, have
                  | 353).
  5795 | D:6      | 5795 ||| SHOPLISTING +6 ring of strength (396 gold, have
                  | 353).
  5795 | D:6      | 5795 ||| BUYING amulet of reflection (330 gold).
  5795 | D:6      | Bought an amulet of reflection for 330 gold pieces
  5795 | D:6      | 5795 ||| SHOPLISTING ring of fire (275 gold, have 23).
  5795 | D:6      | 5795 ||| SHOPLISTING ring of protection from cold (275
                  | gold, have 23).
  5795 | D:6      | 5795 ||| UPGRADING to amulet of reflection.
  5892 | D:7      | 5892 ||| INVOKING Heroism.
  5972 | D:7      | 5972 ||| INVOKING Heroism.
  5989 | D:7      | Found Puocethra's Jewellery Boutique.
  5993 | D:7      | 5993 ||| SHOPLISTING +4 ring of protection (468 gold, have
                  | 36).
  5993 | D:7      | 5993 ||| SHOPLISTING +6 ring of dexterity (468 gold, have
                  | 36).
  5993 | D:7      | 5993 ||| SHOPLISTING +6 ring of strength (468 gold, have
                  | 36).
  5993 | D:7      | 5993 ||| SHOPLISTING amulet of the Four Winds {rN+ Will+++
                  | Clar} (789 gold, have 36).
  5993 | D:7      | 5993 ||| SHOPLISTING ring of protection from cold (325
                  | gold, have 36).
  6272 | D:7      | 6272 ||| Stepping ~*~*~tactically~*~*~ (outnumbered).
  6282 | D:7      | Reached skill level 11 in Ranged Weapons
  6295 | D:7      | Reached skill level 6 in Dodging
  6373 | D:7      | Found a blossoming altar of Fedhas.
  6387 | D:7      | Noticed an oklob plant
  6388 | D:7      | 6388 ||| INVOKING Heroism.
  6389 | D:7      | 6389 ||| READING scroll labelled FEAWOCYAGITOC.
  6406 | D:7      | 6406 ||| INVOKING Heroism.
  6409 | D:7      | Killed an oklob plant
  6862 | D:8      | Reached skill level 12 in Ranged Weapons
  7021 | D:8      | 7021 ||| INVOKING Heroism.
  7073 | D:8      | Noticed Psyche
  7074 | D:8      | 7074 ||| INVOKING Heroism.
  7076 | D:8      | Killed Psyche
  7077 | D:8      | Reached XP level 10. HP: 88/88 MP: 9/12
  7126 | D:8      | Found a snail-covered altar of Cheibriados.
  7133 | D:8      | 7133 ||| INVOKING Heroism.
  7134 | D:8      | 7134 ||| Stepping ~*~*~tactically~*~*~ (outnumbered).
  7157 | D:8      | 7157 ||| INVOKING Heroism.
  7344 | D:8      | 7344 ||| DRINKING potion of curing.
  7344 | D:8      | 7344 ||| (to cure confusion)
  7345 | D:8      | 7345 ||| Stepping ~*~*~tactically~*~*~ (outnumbered).
  7407 | D:8      | Identified the +1 whip of the Living Dead {freeze, rF++ rN+
                  | Int+3}
  7465 | D:8      | Noticed Prince Ribbit
  7469 | D:8      | 7469 ||| INVOKING Heroism.
  7475 | D:8      | Killed Prince Ribbit
  7552 | D:8      | Noticed Grum
  7553 | D:8      | 7553 ||| INVOKING Heroism.
  7563 | D:8      | Killed Grum
  7564 | D:8      | Reached skill level 13 in Ranged Weapons
  7609 | D:8      | Found a runed translucent gate.
  7611 | D:8      | Found a runed translucent gate.
  7613 | D:8      | Found a runed translucent gate.
  7614 | D:8      | Noticed qw's ghost (novice GrFi)
  7643 | D:8      | Found a basalt altar of Yredelemnul.
  7883 | D:8      | Found a viscous altar of Jiyva.
  7885 | D:8      | 7885 ||| READING scroll labelled KIRAFI GEENKUO.
  8073 | D:9      | Noticed an orange demon
  8075 | D:9      | Noticed Amaemon
  8076 | D:9      | 8076 ||| INVOKING Heroism.
  8080 | D:9      | Killed an orange demon
  8108 | D:9      | Found a stormy altar of Qazlal.
  8119 | D:9      | 8119 ||| INVOKING Heroism.
  8127 | D:9      | Killed Amaemon
  8127 | D:9      | Reached *** piety under Okawaru
  8128 | D:9      | Reached skill level 9 in Fighting
  8155 | D:9      | Noticed Maggie
  8165 | D:9      | Killed Maggie
  8298 | D:9      | Found a hide-covered altar of Uskayaw.
  8473 | D:9      | Noticed a two-headed ogre
  8474 | D:9      | 8474 ||| INVOKING Heroism.
  8477 | D:9      | Killed a two-headed ogre
  8477 | D:9      | Reached **** piety under Okawaru
  8478 | D:9      | Reached skill level 14 in Ranged Weapons
  8478 | D:9      | Noticed a two-headed ogre
  8482 | D:9      | 8482 ||| Stepping ~*~*~tactically~*~*~ (outnumbered).
  8485 | D:9      | Reached XP level 11. HP: 84/99 MP: 11/13
  8489 | D:9      | 8489 ||| INVOKING Heroism.
  8502 | D:9      | Killed a two-headed ogre
  8577 | D:9      | 8577 ||| UPGRADING to +2 swamp dragon scales.
  8594 | D:9      | Noticed a two-headed ogre
  8595 | D:9      | 8595 ||| DROPPING ring of flight.
  8596 | D:9      | 8596 ||| READING scroll labelled ERAJEU KABBUECS.
  8596 | D:9      | Identified a scroll of acquirement
  8596 | D:9      | 8596 ||| ACQUIRING +9 longbow "Necusuxi" {antimagic, rN++
                  | Str+2}
  8596 | D:9      | Acquired the +9 longbow "Necusuxi" {antimagic, rN++ Str+2}
  8600 | D:9      | 8600 ||| INVOKING Heroism.
  8602 | D:9      | Killed a two-headed ogre
  8602 | D:9      | Received a gift from Okawaru
  8603 | D:9      | Reached skill level 3 in Armour
  8618 | D:9      | 8618 ||| READING scroll of enchant weapon.
  8618 | D:9      | 8618 ||| ENCHANTING +0 arbalest of draining.
  8725 | D:9      | 8725 ||| INVOKING Heroism.
  8732 | D:9      | 8732 ||| Stepping ~*~*~tactically~*~*~ (outnumbered).
  8734 | D:9      | Reached skill level 6 in Invocations
  8807 | D:9      | 8807 ||| INVOKING Heroism.
  8858 | D:9      | Found a staircase to the Orcish Mines.
  9041 | D:9      | 9041 ||| DROPPING amulet of magic regeneration.
  9058 | D:10     | Entered Level 10 of the Dungeon
  9074 | D:10     | Identified the +5 long sword of the Common Good {protect,
                  | rPois rC+ rCorr Str-5}
  9111 | D:10     | 9111 ||| INVOKING Heroism.
  9174 | D:10     | 9174 ||| INVOKING Heroism.
  9244 | D:10     | Found a white marble altar of Elyvilon.
  9244 | D:10     | Found a glowing golden altar of the Shining One.
  9245 | D:10     | Found a glowing silver altar of Zin.
  9293 | D:10     | 9293 ||| INVOKING Heroism.
  9299 | D:10     | Reached skill level 6 in Armour
  9613 | D:10     | 9613 ||| UPGRADING to ring of see invisible.
  9615 | D:10     | 9615 ||| READING scroll labelled YMATHR FEVYIWK.
  9640 | D:11     | Noticed Lodul
  9641 | D:11     | 9641 ||| INVOKING Heroism.
  9641 | D:11     | Noticed a two-headed ogre
  9652 | D:11     | Killed Lodul
  9652 | D:11     | Reached ***** piety under Okawaru
  9655 | D:11     | 9655 ||| STAIRDANCE
  9657 | D:10     | 9657 ||| INVOKING Heroism.
  9669 | D:10     | HP: 22/99 [two-headed ogre/+0 giant club (15)]
  9670 | D:10     | 9670 ||| READING 3 scrolls of teleportation.
  9671 | D:10     | 9671 ||| DRINKING 2 potions of heal wounds.
  9842 | D:11     | 9842 ||| INVOKING Heroism.
  9848 | D:11     | Noticed a boulder beetle
  9849 | D:11     | 9849 ||| INVOKING Finesse.
  9850 | D:11     | 9850 ||| INVOKING Finesse.
  9859 | D:11     | Killed a boulder beetle
  9860 | D:11     | Reached skill level 15 in Ranged Weapons
  9860 | D:11     | Reached XP level 12. HP: 106/106 MP: 11/17
  9949 | D:11     | Identified the +2 falchion of Xapp {freeze, Will++}
  9960 | D:11     | Found a staircase to the Lair.
  9968 | D:11     | 9968 ||| INVOKING Heroism.
 10031 | D:11     | Found a portal to a secret trove of treasure.
 10052 | D:11     | 10052 ||| INVOKING Heroism.
 10058 | D:11     | Reached skill level 9 in Invocations
 10107 | D:11     | Received a gift from Okawaru
 10122 | D:11     | Identified the +1 robe of Patterns {Harm Int+4}
 10153 | D:11     | Noticed Maurice
 10159 | D:11     | Killed Maurice
 10432 | D:11     | 10432 ||| PLANNING LAIR
 10432 | D:11     | 10432 ||| UPGRADING to +0 cloak of preservation.
 10461 | Lair:1   | Entered Level 1 of the Lair of Beasts
 10462 | Lair:1   | 10462 ||| PLANNING GAUNTLET
 10462 | Lair:1   | 10462 ||| INVOKING Heroism.
 10469 | Lair:1   | Identified the scarf of Hide-and-Seek {harm, Str+3}
                  | (Okawaru gifted it to you on level 1 of the Lair of Beasts)
 10469 | Lair:1   | Received a gift from Okawaru
 10506 | Lair:1   | 10506 ||| STAIRDANCE
 10581 | Lair:1   | 10581 ||| INVOKING Heroism.
 10724 | Lair:1   | 10724 ||| INVOKING Heroism.
 10730 | Lair:1   | Reached skill level 16 in Ranged Weapons
 10753 | Lair:1   | Identified the +2 robe of the Lily {Str+3 Slay+2}
 10863 | Lair:1   | Found a frozen archway.
 11027 | Lair:1   | 11027 ||| READING scroll of enchant weapon.
 11027 | Lair:1   | 11027 ||| ENCHANTING +1 arbalest of draining.
 11196 | Lair:1   | 11196 ||| RIP GAUNTLET
 11196 | Lair:1   | 11196 ||| PLANNING LAIR
 11196 | Lair:1   | 11196 ||| DROPPING scarf of Hide-and-Seek {harm, Str+3}.
 11197 | Lair:1   | 11197 ||| READING scroll labelled WUOMYIROMICW.
 11198 | Lair:1   | 11198 ||| READING 5 scrolls of identify.
 11198 | Lair:1   | 11198 ||| IDENTIFYING golden potion
 11199 | Lair:1   | 11199 ||| DROPPING potion of attraction.
 11233 | Lair:2   | 11233 ||| INVOKING Heroism.
 11309 | Lair:2   | 11309 ||| INVOKING Heroism.
 11528 | Lair:2   | 11528 ||| INVOKING Heroism.
 11538 | Lair:2   | Reached XP level 13. HP: 105/116 MP: 17/19
 11542 | Lair:2   | Reached skill level 17 in Ranged Weapons
 11649 | Lair:2   | You fall into a shaft and drop 1 floor!
 11694 | Lair:3   | 11694 ||| INVOKING Heroism.
 11724 | Lair:3   | Received a gift from Okawaru
 11811 | Lair:2   | Found an ancient bone altar of Kikubaaqudgha.
 11914 | Lair:2   | Found a staircase to the Snake Pit.
 12254 | Lair:2   | Found the +8 whip "Snakebite" {venom, curare, rPois}
 12563 | Lair:3   | 12563 ||| INVOKING Heroism.
 12854 | Lair:3   | Found a staircase to the Shoals.
 12920 | Lair:3   | Identified the +1 war axe of Maujuah {heavy, rElec rCorr}
 12986 | Lair:3   | 12986 ||| INVOKING Heroism.
 12999 | Lair:3   | 12999 ||| INVOKING Finesse.
 13008 | Lair:3   | Reached skill level 18 in Ranged Weapons
 13295 | Lair:3   | 13295 ||| INVOKING Heroism.
 13593 | Lair:3   | 13593 ||| INVOKING Heroism.
 13616 | Lair:3   | 13616 ||| INVOKING Heroism.
 13738 | Lair:3   | 13738 ||| READING 4 scrolls of identify.
 13738 | Lair:3   | 13738 ||| IDENTIFYING dark potion
 13775 | Lair:4   | 13775 ||| STAIRDANCE
 13781 | Lair:3   | Reached skill level 12 in Fighting
 13782 | Lair:3   | 13782 ||| INVOKING Heroism.
 13988 | Lair:4   | Found a staircase to the Slime Pits.
 14013 | Lair:4   | Found a viscous altar of Jiyva.
 14084 | Lair:4   | 14084 ||| INVOKING Heroism.
 14091 | Lair:4   | Reached skill level 9 in Armour
 14144 | Lair:4   | 14144 ||| INVOKING Heroism.
 14177 | Lair:4   | Reached skill level 9 in Dodging
 14202 | Lair:4   | 14202 ||| INVOKING Heroism.
 14228 | Lair:4   | 14228 ||| INVOKING Heroism.
 14392 | Lair:4   | 14392 ||| INVOKING Heroism.
 14482 | Lair:4   | 14482 ||| INVOKING Heroism.
 14639 | Lair:4   | 14639 ||| INVOKING Heroism.
 14819 | Lair:5   | Entered Level 5 of the Lair of Beasts
 14820 | Lair:5   | 14820 ||| INVOKING Heroism.
 14860 | Lair:5   | 14860 ||| INVOKING Heroism.
 14955 | Lair:5   | 14955 ||| Stepping ~*~*~tactically~*~*~ (outnumbered).
 14957 | Lair:5   | Reached XP level 14. HP: 130/130 MP: 20/20
 15004 | Lair:5   | 15004 ||| FLEEEEING.
 15005 | Lair:5   | 15005 ||| FLEEEEING.
 15191 | Lair:5   | 15191 ||| INVOKING Heroism.
 15202 | Lair:5   | HP: 29/132 [molten gargoyle/bolt of magma (10)]
 15204 | Lair:5   | HP: 14/132 [molten gargoyle/+0 mace (6)]
 15205 | Lair:5   | HP: 2/132 [molten gargoyle/+0 mace (6)]
 15205 | Lair:5   | Slain by a molten gargoyle

Levels and vault maps discovered:
D:1:      nicolae_arrival_somewhat_less_tricky_arrival, layout_basic,
          shapermc_ecumenical_altar_rom_forum, serial_bayou_pond_d, minivault_5,
          dreamdust_mushroom_princess, minmay_misc_feat_room
D:2:      layout_basic, basic_altar, minmay_quadrilaterals
D:3:      layout_loops_ring, nemelex_spade_bored_becter,
          nicolae_ru_awakened_eye, lemuel_tele_altar, serial_shops,
          nicolae_shop_trees, serial_rivers, chequers_serial_rivers_small_a,
          chequers_serial_rivers_marsh, chequers_serial_rivers_large_b,
          chequers_serial_rivers_micro_b, serial_bayou_pond_d,
          nicolae_half_adder
D:4:      layout_rooms, chequers_ossuary_entry_cave
D:5:      layout_cave_pods, kennysheep_mini, uniq_edmund
D:6:      layout_loops_corners, overflow_temple_1_default,
          grunt_dithmenos_shadows, minmay_temple_entry_ruins, serial_shops,
          nicolae_take_the_stairs
D:7:      layout_layer_cave, tgw_fedhas, serial_shops, nicolae_shop_gaudy_bauble
D:8:      layout_cave_pods, kennysheep_slug_shrine,
          mainiacjoe_overflow_brackets, gammafunk_ghost_ooze, nicolae_titane,
          uniq_grum, uniq_prince_ribbit1, uniq_psyche
D:9:      layout_irregular_city, overflow_temple_1_default,
          grunt_qazlal_sundering, erik_orc_1, grunt_potential, uniq_maggie,
          uniq_amaemon
D:10:     layout_big_octagon, good_gods_temple_1
D:11:     layout_cave_pools, david_lair_shrubbed, nicolae_trove_entry_diagonal,
          uniq_maurice, uniq_lodul
Lair:1:   layout_big_grid, portal_ice_cave_entry_imps, gauntlet_entry_generic
Lair:2:   minmay_guarded_unrand_snakebite, layout_regular_city,
          minmay_snake_entry_guardpost_small, basic_altar,
          infiniplex_staircase_pool_2
Lair:3:   layout_layer_cave, elwin_shoals_entry_rooms, st_stairs_6
Lair:4:   layout_regular_city, minmay_slime_entry_pillars, serial_forest,
          infiniplex_forest_end_3, infiniplex_forest_zigzag_1,
          infiniplex_forest_zigzag_1, infiniplex_forest_pool,
          infiniplex_forest_side_room, infiniplex_forest_clump_tiny,
          infiniplex_forest_end_double, st_stairs_12,
          chequers_serial_rivers_small_b
Lair:5:   cheibrodos_lair_end_hotspot, layout_misc_corridors,
          serial_bayou_shore_a

Skill      XL: |  1  2  3  4  5  6  7  8  9 10 11 12 13 14 |
---------------+-------------------------------------------+-----
Ranged Weapons | 5 6 7 8 10 12 14 15 16 18 | 18.0
Fighting       | 3 4 5 6 8 9 10 11 13 14 | 14.0
Armour         | 2 6 7 9 |  9.4
Dodging        | 3 5 7 8 9 |  9.0
Invocations    | 1 4 8 10 | 10.0
Stealth        | |  0.7

Action                     |  1- 3 |  4- 6 |  7- 9 | 10-12 | 13-15 || total
---------------------------+-------+-------+-------+-------+-------++-------
   Fire: Shortbow          |   114 |       |       |       |       ||   114
         Arbalest          |       |   156 |   219 |   549 |   305 ||  1229
 Invoke: Heroism           |       |     2 |    10 |    25 |    17 ||    54
         Finesse           |       |       |       |     1 |     1 ||     2
    Use: Scroll            |    10 |     8 |     4 |     8 |     1 ||    31
         Potion            |     3 |     1 |       |     2 |       ||     6
 Armour: Leather armour    |    20 |       |       |       |       ||    20
         Robe              |       |    15 |    21 |    14 |       ||    50
         Swamp dragon scal |       |       |       |    44 |    45 ||    89
  Dodge: Dodged            |    29 |    42 |    51 |   318 |   150 ||   590
  Block: Other             |       |       |     6 |    75 |    43 ||   124
         Reflection        |       |       |     1 |     7 |       ||     8

Table legend:
 A = Non-vault XP
 B = Vault XP
 C = Vault XP percentage of total XP
 D = Non-vault monster count
 E = Vault monster count
 F = Vault count percentage of total count
                 A         B        C        D         E       F
            +---------+---------+-------+---------+---------+-------
      Total |   49383 |   17775 |  26.5 |     334 |     146 |  30.4
            +---------+---------+-------+---------+---------+-------
        D:1 |      36 |       0 |   0.0 |      24 |       0 |   0.0
        D:2 |      54 |       6 |  10.0 |      12 |       4 |  25.0
        D:3 |      16 |      52 |  76.5 |       7 |       4 |  36.4
        D:4 |     313 |       0 |   0.0 |      28 |       0 |   0.0
        D:5 |     626 |     173 |  21.7 |      18 |       1 |   5.3
        D:6 |     427 |     105 |  19.7 |       6 |       1 |  14.3
        D:7 |    1880 |     527 |  21.9 |      31 |       1 |   3.1
        D:8 |    1537 |    1123 |  42.2 |      30 |       6 |  16.7
        D:9 |    1419 |    6354 |  81.7 |       9 |      38 |  80.9
       D:10 |    4264 |     370 |   8.0 |      22 |       3 |  12.0
       D:11 |    4316 |    2303 |  34.8 |      13 |       9 |  40.9
     Lair:1 |    6319 |     125 |   1.9 |      28 |      12 |  30.0
     Lair:2 |    6771 |    1890 |  21.8 |      31 |      12 |  27.9
     Lair:3 |    9226 |     382 |   4.0 |      38 |       1 |   2.6
     Lair:4 |    7820 |    1477 |  15.9 |      26 |       6 |  18.8
     Lair:5 |    4359 |    2541 |  36.8 |      11 |      12 |  52.2
    Ossuary |       0 |     347 | 100.0 |       0 |      36 | 100.0
            +---------+---------+-------+---------+---------+-------
